 Dungeon Crawl Stone Soup version 0.28.0-45-g0d030f2227 (webtiles) character file.

Game seed: 5864578213427174791

1 infcreate the Vexing (level 1, -2/10 HPs)
             Began as a Vampire Enchanter on May 8, 2022.
             Slain by a quokka (5 damage)
             ... on level 1 of the Dungeon.
             The game lasted 00:00:43 (117 turns).

infcreate the Vexing (Vampire Enchanter)             Turns: 117, Time: 00:00:43

Health: -2/10      AC:  2    Str:  7    XL:     1   Next: 16%
Magic:  3/3        EV: 12    Int: 17    God:
Gold:   31         SH:  0    Dex: 14    Spells: 4/4 levels left

rFire   . . .      SeeInvis +   a - +1 dagger
rCold   + + .      Faith    .   (no shield)
rNeg    + + +      Spirit   .   b - +0 robe
rPois   ∞          Reflect  .   (no helmet)
rElec   .          Harm     .   (no cloak)
rCorr   .          Rampage  .   (no gloves)
Will    .....                   (no boots)
Stlth   +++++.....              (no amulet)
HPRegen 0.00/turn               (no ring)
MPRegen 0.08/turn               (no ring)

@: bloodless, inhibited regen
A: bloodless, fangs 3, see invisible, vampiric 1
a: Revivify


You were on level 1 of the Dungeon.
You visited 1 branch of the dungeon, and saw 1 of its levels.

You collected 31 gold pieces.


Innate Abilities, Weirdness & Mutations

You do not regenerate when monsters are visible.
You are frail without blood (-20% HP).
You can heal yourself when you bite living creatures.
You are immune to poison.
You have razor-sharp teeth.
You have supernaturally acute eyesight. (SInv)
You are afflicted with vampirism.


   Skills:
 + Level 1.1 Short Blades
 + Level 2.2 Dodging
 + Level 4.4 Stealth
 + Level 2.0 Spellcasting
 + Level 4.4 Hexes


You had 4 spell levels left.
You didn't know any spells.
Your spell library contained the following spells:

 Spells                   Type           Power      Damage    Failure   Level
 Confusing Touch          Hex            16%        N/A       10%         3
 Tukima's Dance           Hex            16%        N/A       10%         3
 Ensorcelled Hibernation  Hex/Ice        18%        N/A       12%         2
 Dazzling Flash           Conj/Hex       18%        N/A       24%         3

Inventory:

Hand Weapons
 a - a +1 dagger (weapon)
Armour
 b - a +0 robe (worn)
Potions
 c - a potion of invisibility
 d - a potion of magic {unknown}
 e - 2 potions of mutation {unknown}

Dungeon Overview and Level Annotations

Branches:
Dungeon (1/15)

Altars:

..........# b. #
##.†...#..# .. .#
#.....#..###.S .##
#.....##..###r ...
.......##...######.#
###.######.......K.#
#.#########.##.###
...............r#
...############@.##
###########...#####
...................
..#####'#####......
####.#### ###...
###.......### #..
##...........## #.
##....≈≈≈§§.§..#
#...≈≈≈≈≈≈§≈≈§..


You could see a quokka and a kobold (wandering).


Message History

You hit the quokka.
The quokka is lightly wounded.
The quokka bites you.
You hit the quokka but do no damage. You bite the quokka.
You draw the quokka's blood!
You feel better.
The quokka is moderately wounded.
The quokka closely misses you.
You hit the quokka but do no damage.
The quokka is moderately wounded.
The quokka misses you.
You hit the quokka but do no damage.
The quokka is moderately wounded.
The quokka closely misses you.
You closely miss the quokka. Your bite misses the quokka.
The quokka is moderately wounded.
The quokka bites you.
You hit the quokka but do no damage.
The quokka is moderately wounded.
The quokka bites you.
Ouch! That really hurt!
* * * LOW HITPOINT WARNING * * *
You hit the quokka but do no damage.
The quokka is moderately wounded.
The quokka closely misses you. x2
A kobold comes into view. It is wielding a +0 dagger.
You barely miss the quokka.
The quokka is moderately wounded.
The quokka bites you.
Ouch! That really hurt!
You die...

Action                   || total
-------------------------++-------
Melee: Dagger            ||    11
       Bite              ||     1
 Abil: Exsanguinate      ||     1
 Stab: Sleeping          ||     1
Dodge: Dodged            ||     9

Levels and vault maps discovered:
D:1:      dpeg_arrival_concentric_ovals, layout_basic, minmay_cupped

Notes
Turn   | Place    | Note
-------+----------+-------------------------------------------
     0 | D:1      | infcreate the Vampire Enchanter began the quest for the
                  | Orb.
     0 | D:1      | Reached XP level 1. HP: 13/13 MP: 3/3
   117 | D:1      | Slain by a quokka

Vanquished Creatures
  A ball python (D:1)
  A bat (D:1)
2 creatures vanquished.

Table legend: (Time is in decaauts)
 A = Elapsed time spent in this place.
 B = Non-inter-level travel time spent in this place.
 C = Inter-level travel time spent in this place.
 D = Time resting spent in this place.
 E = Time spent auto-exploring this place.
 F = Levels seen in this place.
 G = Mean time per level.
                   A        B        C        D        E       F      G
               +--------+--------+--------+--------+--------+-----+--------+
         Total |    117 |    117 |      0 |      3 |     69 |   1 |  117.0 |
       Dungeon |    117 |    117 |      0 |      3 |     69 |   1 |  117.0 |
               +--------+--------+--------+--------+--------+-----+--------+

Top non-repeatable levels by time:
     D:1: 117 daAuts

Table legend:
 A = Non-vault XP
 B = Vault XP
 C = Vault XP percentage of total XP
 D = Non-vault monster count
 E = Vault monster count
 F = Vault count percentage of total count
                 A         B        C        D         E       F
            +---------+---------+-------+---------+---------+-------
      Total |       1 |       1 |  50.0 |       1 |       1 |  50.0
            +---------+---------+-------+---------+---------+-------
        D:1 |       1 |       1 |  50.0 |       1 |       1 |  50.0
            +---------+---------+-------+---------+---------+-------
